Map: Dusk Towers

Players

Miltreta - Winner!

  • Race: Terran Terran
  • League: Bronze

Ares

  • Race: Protoss Protoss
  • League: Bronze

VOD

Have the link to the VOD?

Description

Time

  • Played on: March 22, 2016, 12:36 a.m.
  • Length: 17:54
Show
View Real Time Build Order
Export as new Build Order

Miltreta Terran - Winner!

Build Orders: Liberator Opening 

Get SALT Encoding   

  12  0:01  SCV  
  13  0:17  SCV, Supply Depot  
  14  0:30  SCV  
  15  0:40  Barracks  
  15  0:42  SCV  
  16  0:50  Refinery  
  16  0:55  SCV  
  17  1:07  SCV  
  18  1:20  SCV  
  19  1:43  Orbital Command  
  19  1:44  Reaper  
  20  1:49  Supply Depot  
  20  2:12  SCV  
  21  2:16  Command Center  
  21  2:24  SCV  
  21  2:26  Reaper  
  21  2:27  Refinery  
  23  2:36  Factory  
  23  2:41  SCV  
  24  2:53  SCV  
  25  3:15  Marine  
  25  3:27  Starport  
  25  3:30  SCV  
  27  3:38  Orbital Command  
  27  3:45  Factory Reactor, Barracks  
  27  3:49  Liberator  
  26  4:01  SCV  
  26  4:02  Supply Depot  
  27  4:03  Barracks Tech Lab  
  30  4:17  SCV  
  31  4:18  Barracks  
  31  4:25  SCV  
  31  4:29  SCV, Barracks  
  31  4:31  Refinery  
  33  4:33  Refinery  
  33  4:35  Widow Mine x2  
  33  4:38  Barracks Tech Lab  
  37  4:40  Barracks Reactor  
  37  4:42  Marauder  
  39  4:51  Medivac  
  41  5:05  Marine x2  
  43  5:09  Hellion x2  
  47  5:20  Fusion Core  
  47  5:24  Starport Tech Lab, Starport  
  47  6:01  Marine x2  
  47  6:02  Marauder  
  51  6:05  Barracks Reactor x2  
  51  6:24  Marauder  
  53  6:38  Viking, Starport Reactor  
  52  6:42  Advanced Ballistics  
  52  6:48  Marine x2  
  52  6:50  Supply Depot x2  
  52  6:52  Supply Depot  
  54  7:07  Marine  
  54  7:08  SCV x2, Viking  
  59  7:31  Medivac  
  59  7:32  Medivac  
  63  7:44  Engineering Bay  
  63  7:45  Stimpack  
  63  7:46  Engineering Bay  
  63  7:50  Marine x3  
  63  7:51  Marine x3  
  68  7:52  Barracks  
  68  7:53  Marauder  
  68  7:55  Widow Mine  
  68  7:57  Raven  
  75  8:04  SCV x2  
  77  8:10  Viking x2  
  81  8:26  Marine x4  
  84  8:27  Marine  
  86  9:16  Marine  
  81  9:28  Marine x4  
  81  9:29  Marine  
  86  9:46  Supply Depot  
  86  9:51  Supply Depot x2  
  86  9:56  Command Center  
  86  10:08  Viking x2, Marine x3  
  93  10:16  Combat Shields, Barracks Reactor  
  93  10:28  Terran Infantry Weapons Level 1, Terran Infantry Armor Level 1  
  93  10:29  Marine  
  93  10:30  Marine x2  
  93  10:32  Marine  
  93  10:33  Marauder, Marine  
  93  10:34  Marine  
  101  10:37  Raven  
  103  10:54  Viking x2  
  105  10:57  Marine x3  
  105  11:00  Marine x2  
  105  11:01  Marine x2  
  110  11:15  Orbital Command  
  110  11:24  Raven  
  112  11:44  SCV x2  
  114  11:49  Marine x6  
  114  11:50  Marine x2  
  122  11:54  Supply Depot  
  122  11:56  Supply Depot  
  122  12:00  Barracks  
  122  12:04  Barracks  
  122  12:06  Viking x2  
  126  12:08  Marine  
  126  12:09  Marine x6  
  126  12:10  Marine  
  126  12:11  Marauder  
  126  12:13  Concussive Shells  
  136  12:31  Marine x5  
  136  12:32  Marine x3  
  144  12:45  Armory  
  144  12:50  Marine x2  
  144  12:51  Marine x5  
  148  12:52  Marine  
  152  12:59  Barracks Reactor  
  152  13:00  Barracks Reactor  
  152  13:28  Marine  
  152  13:29  Marine x4  
  157  13:38  Supply Depot  
  157  13:43  Supply Depot  
  157  13:49  Refinery  
  157  13:52  Refinery  
  157  14:00  Marauder, Marine x6  
  165  14:04  Marine x4  
  165  14:05  Medivac x2  
  173  14:11  Terran Infantry Weapons Level 2  
  173  14:12  Terran Infantry Armor Level 2  
  173  14:14  Terran Vehicle And Ship Armor Level 1  
  173  14:45  Supply Depot  
  173  14:47  Supply Depot  
  173  14:54  Supply Depot  
  173  14:55  Supply Depot  
  173  14:59  Supply Depot  
  173  15:06  Supply Depot  
  173  15:07  Viking, Marine x6  
  173  15:08  Raven, Viking, Marine x4  
  189  15:15  Marine  
  190  15:46  Marine  
  190  15:47  Marine x5  
  196  15:51  Raven  
  198  16:02  Barracks x2  
Show
View Real Time Build Order
Export as new Build Order

Ares Protoss 

Build Orders: Colossus Rush 

Get SALT Encoding   

  12  0:04  Probe (Chrono Boost)  
  13  0:24  Pylon  
  13  0:26  Probe (Chrono Boost)  
  14  0:30  Assimilator  
  14  0:37  Probe (Chrono Boost)  
  15  0:51  Gateway, Probe (Chrono Boost)  
  15  0:56  Assimilator  
  16  1:02  Probe (Chrono Boost)  
  17  1:12  Probe (Chrono Boost)  
  18  1:23  Pylon, Probe (Chrono Boost)  
  19  1:33  Probe (Chrono Boost)  
  20  1:40  Zealot  
  20  1:44  Probe (Chrono Boost)  
  23  1:53  Cybernetics Core  
  23  1:54  Probe (Chrono Boost)  
  24  2:06  Nexus  
  24  2:11  Assimilator  
  24  2:17  Assimilator  
  24  2:20  Probe (Chrono Boost)  
  25  2:31  Probe (Chrono Boost)  
  26  2:41  Probe (Chrono Boost)  
  27  2:52  Mothership Core (Chrono Boost)  
  27  2:54  Stalker  
  30  3:29  Robotics Facility  
  30  3:42  Probe (Chrono Boost)  
  30  3:43  Probe (Chrono Boost)  
  32  3:53  Probe x2 (Chrono Boost)  
  32  3:54  Pylon  
  34  3:56  Stalker  
  34  3:58  Pylon  
  36  4:03  Probe (Chrono Boost)  
  36  4:04  Probe (Chrono Boost)  
  36  4:08  Forge  
  38  4:18  Probe x2 (Chrono Boost)  
  41  4:24  Observer  
  41  4:28  Probe (Chrono Boost)  
  41  4:29  Probe (Chrono Boost)  
  43  4:34  Robotics Bay  
  43  4:37  Protoss Shields Level 1  
  43  4:41  Stargate  
  43  4:45  Probe x2 (Chrono Boost)  
  45  4:55  Stalker (Chrono Boost)  
  47  5:14  Protoss Air Weapons Level 1  
  47  5:21  Colossus  
  53  5:37  Stalker (Chrono Boost)  
  53  5:40  Phoenix  
  45  6:31  Phoenix  
  47  6:34  Stalker (Chrono Boost)  
  47  6:35  Colossus  
  55  6:53  Protoss Ground Armor Level 1  
  55  6:58  Probe x2  
  57  7:10  Probe x2, Fleet Beacon  
  59  7:25  Stalker (Chrono Boost)  
  61  7:39  Pylon  
  61  7:42  Pylon  
  61  7:57  Sentry (Chrono Boost)  
  63  8:01  Nexus  
  63  8:04  Assimilator  
  63  8:09  Assimilator  
  63  8:10  Pylon  
  63  8:13  Pylon, Extended Thermal Lance  
  48  9:24  Probe x2  
  56  9:36  Probe x2  
  56  9:39  Tempest  
  56  9:43  Stalker (Chrono Boost)  
  61  10:13  Observer  
  62  10:23  Stalker (Chrono Boost)  
  64  10:34  Colossus  
  70  11:05  Stalker (Chrono Boost)  
  72  11:23  Tempest  
  76  11:29  Probe  
  76  11:31  Stalker (Chrono Boost)  
  79  11:34  Probe  
  80  11:48  Probe x2  
  82  12:05  Probe  
  82  12:07  Probe x2  
  85  12:13  Protoss Ground Weapons Level 1  
  85  12:20  Colossus  
  91  12:45  Twilight Council  
  91  12:48  Probe x2  
  91  12:49  Probe  
  94  12:56  Stalker (Chrono Boost)  
  95  13:32  Stalker (Chrono Boost)  
  97  13:35  Tempest  
  101  13:43  Probe  
  101  13:44  Probe x2  
  104  14:12  Pylon  
  104  14:17  Pylon  
  104  14:19  Pylon  
  104  14:20  Probe  
  104  14:23  Pylon  
  105  14:24  Tempest  
  105  14:26  Protoss Shields Level 2  
  105  14:30  Colossus  
  115  14:33  Probe  
  115  14:36  Stalker (Chrono Boost)  
  118  14:45  Probe  
  119  14:46  Protoss Air Armor Level 1 (Chrono Boost)  
  119  15:21  Nexus  
  119  15:25  Assimilator  
  119  15:31  Assimilator  
  119  15:32  Pylon  
  119  15:34  Tempest  
  123  15:36  Pylon  
  123  15:37  Stalker  
  125  15:57  Colossus  
  131  16:13  Stalker  
  123  16:40  Sentry  
  73  16:51  Observer  
  49  17:07  Phoenix  
Tags
 
Add a new tag
Caveats
  • Supply blocks, unpowered buildings, or Contaminate may cause inaccurate times.
  • Supply counts are checked every 10 seconds.